 Dungeon Crawl Stone Soup version 0.30.0-29-ga12c61a403 (webtiles) character file.

Game seed: 4936337597599563555

58 qw the Chopper (level 4, -1/28 HPs)
             Began as a Gargoyle Fighter on June 6, 2023.
             Slain by a gnoll
             ... wielding a +0 flail
              (2 damage)
             ... on level 2 of the Dungeon.
             The game lasted 00:00:36 (1322 turns).

qw the Chopper (Gargoyle Fighter)                   Turns: 1322, Time: 00:00:36

Health: -1/28      AC: 10    Str: 22    XL:     4   Next: 2%
Magic:  4/4        EV:  9    Int:  8    God:
Gold:   78         SH:  4    Dex:  9    Spells: 3/3 levels left

rFire   . . .        Y - +0 war axe
rCold   . . .        c - +0 buckler
rNeg    + . .        b - +0 scale mail
rPois   inf          (no helmet)
rElec   +            (no cloak)
rCorr   .            (no gloves)
SInv    .            (no boots)
Will    .....        (no amulet) Stlth
                     (no ring)
HPRegen 0.24/turn    (no ring)
MPRegen 0.09/turn

%: no passive effects
@: no status effects
A: sickness immunity, AC +3, negative energy resistance 1, electricity
resistance, torment resistance 1, petrification resistance
a: no special abilities


You were on level 2 of the Dungeon.
You visited 1 branch of the dungeon, and saw 2 of its levels.

You collected 78 gold pieces.


Innate Abilities, Weirdness & Mutations

You are immune to sickness and miasma.
Your stone body is resilient. (AC +3)
You are immune to poison.
You resist negative energy. (rN+)
You are resistant to electric shocks. (rElec)
You are resistant to unholy torment.
You are immune to petrification.


   Skills:
 - Level 3.2 Fighting
 + Level 3.8 Axes
 - Level 3.2 Armour
 - Level 3.2 Shields


You had 3 spell levels left.
You didn't know any spells.
Your spell library was empty.

Inventory:

Hand Weapons
 i - a +0 mace of holy wrath
 Y - a +0 war axe (weapon)
Armour
 b - a +0 scale mail (worn)
 c - a +0 buckler (worn)
 n - a +0 plate armour
Jewellery
 o - a ring of see invisible
Scrolls
 e - 4 scrolls of identify
 g - a scroll of acquirement {unknown}
 h - a scroll of fear {unknown}
 q - a scroll of amnesia {unknown}
Potions
 a - a potion of attraction {unknown}
 d - 3 potions of might
 f - a potion of degeneration {unknown}
 j - a potion of lignification {unknown}
 k - a potion of heal wounds {unknown}
 l - a potion of curing {unknown}
 m - 2 potions of resistance {unknown}
 p - a potion of cancellation {unknown}

Dungeon Overview and Level Annotations

Branches:
Dungeon (2/15)

Altars:


Message History

There is a stone staircase leading down here.
There is a stone staircase leading up here.
You see here a rat skeleton.
Found a ring mail.
Enter note:
Enter note:
Enter note:
Enter note:
Found a stone staircase leading up.
Enter note:
Enter note:
Enter note:
Enter note:
Enter note:
Enter note: You now have 78 gold pieces (gained 10). 2 gnolls come into view.
The gnoll shouts! x2; You hear a shout!
Enter note:
Enter note:
Enter note:
Enter note:
Enter note:
Enter note:
1313 ||| Stepping ~*~*~tactically~*~*~ (hiding).
You start waiting.
A gnoll comes into view. It is wielding a +0 flail.
You closely miss the gnoll. The gnoll hits you with a +0 halberd.
You hit the gnoll but do no damage. You closely miss the gnoll.
The gnoll hits you with a +0 halberd. The gnoll barely misses you.
You completely miss the gnoll. You barely miss the gnoll.
The gnoll hits you with a +0 halberd! The gnoll barely misses you.
The gnoll hits you with a +0 flail. The gnoll hits you with a +0 halberd.
You barely miss the gnoll. x2
The gnoll closely misses you. The gnoll hits you but does no damage.
You closely miss the gnoll. You barely miss the gnoll. You hit the gnoll.
The gnoll barely misses you. The gnoll hits you but does no damage.
The gnoll hits you with a +0 flail. x2
You die...

.###....###..#
...######...#####
#...).............
............######
####.##.....#
.....##.....#
####.##.....#
######### #.##.....#
#gg...... #.####..##
#@# #.# #..#
##g####### #.####/.#
#.......g.
#.......####..#######
######........#
#........# #.########
#.# #.#


You could see 3 gnolls.

Vanquished Creatures
  A hound (D:2)
  3 endoplasms (D:1)
  3 giant cockroaches
  2 goblins
  A hobgoblin (D:2)
  4 kobolds
  2 quokkas
  4 ball pythons
  A bat (D:1)
  3 frilled lizards
  4 rats
28 creatures vanquished.

Notes
Turn   | Place    | Note
-------+----------+-------------------------------------------
     0 | D:1      | qw the Gargoyle Fighter began the quest for the Orb.
     0 | D:1      | Reached XP level 1. HP: 14/14 MP: 1/1
     0 | D:1      | 0 ||| qw: Version: 0.2-a-108-gee2c290
     0 | D:1      | 0 ||| qw: Game counter: 1524
     0 | D:1      | 0 ||| qw: Always use a shield: true
     0 | D:1      | 0 ||| qw: God list: Okawaru
     0 | D:1      | 0 ||| qw: Allow faded altars: false
     0 | D:1      | 0 ||| qw: Do Orc after D:15 true
     0 | D:1      | 0 ||| qw: Do second Lair branch before Depths: true
     0 | D:1      | 0 ||| qw: Lair rune preference: random
     0 | D:1      | 0 ||| qw: Plans: Normal, Zot:1-4, Slime:5, God:TSO, Crypt,
                  | Tomb, Abyss, Pan, Hells, Win
     0 | D:1      | 0 ||| PLANNING D:1-11
   193 | D:1      | 193 ||| Stepping ~*~*~tactically~*~*~ (hiding).
   339 | D:1      | Reached XP level 2. HP: 17/19 MP: 2/2
   444 | D:1      | 444 ||| Stepping ~*~*~tactically~*~*~ (hiding).
   659 | D:1      | 659 ||| Stepping ~*~*~tactically~*~*~ (stealth).
   660 | D:1      | 660 ||| Stepping ~*~*~tactically~*~*~ (stealth).
   790 | D:1      | 790 ||| READING scroll labelled WEAKHL CAMU.
   795 | D:1      | 795 ||| READING 3 scrolls labelled IVVA ASO ZOEFU.
   796 | D:1      | 796 ||| READING scroll labelled IBRAZO JOGI.
   797 | D:1      | 797 ||| DRINKING 2 puce potions.
   902 | D:1      | 902 ||| DROPPING 2 scrolls of immolation.
   903 | D:1      | 903 ||| DROPPING potion of berserk rage.
  1003 | D:2      | 1003 ||| Stepping ~*~*~tactically~*~*~ (stealth).
  1010 | D:2      | Reached skill level 3 in Axes
  1010 | D:2      | Reached XP level 3. HP: 20/23 MP: 3/3
  1011 | D:2      | 1011 ||| FLEEEEING.
  1027 | D:2      | 1027 ||| Stepping ~*~*~tactically~*~*~ (stealth).
  1028 | D:2      | 1028 ||| Stepping ~*~*~tactically~*~*~ (stealth).
  1130 | D:2      | Reached XP level 4. HP: 28/28 MP: 4/4
  1313 | D:2      | 1313 ||| Stepping ~*~*~tactically~*~*~ (hiding).
  1320 | D:2      | HP: 5/28 [gnoll/+0 halberd (6)]
  1322 | D:2      | HP: 1/28 [gnoll/+0 flail (4)]
  1322 | D:2      | Slain by a gnoll

Levels and vault maps discovered:
D:1:      dpeg_arrival_more_subterranean_lakeside_camping, layout_loops_ring
D:2:      layout_loops_ring, minmay_randomly_rotated_circles

Skill      XL: |  1  2 |
---------------+-------+-----
Axes           | 2 3 |  3.8
Fighting       | |  3.2
Armour         | |  3.2
Shields        | |  3.2

Action                     |  1- 3 |  4- 6 || total
---------------------------+-------+-------++-------
  Melee: War axe           |    68 |     7 ||    75
    Use: Scroll            |     3 |       ||     3
         Potion            |     1 |       ||     1
 Armour: Scale mail        |    33 |     3 ||    36
  Dodge: Dodged            |    28 |     4 ||    32
  Block: Buckler           |    16 |       ||    16

Table legend:
 A = Non-vault XP
 B = Vault XP
 C = Vault XP percentage of total XP
 D = Non-vault monster count
 E = Vault monster count
 F = Vault count percentage of total count
                 A         B        C        D         E       F
            +---------+---------+-------+---------+---------+-------
      Total |      34 |      50 |  59.5 |      22 |       6 |  21.4
            +---------+---------+-------+---------+---------+-------
        D:1 |      24 |       0 |   0.0 |      16 |       0 |   0.0
        D:2 |      10 |      50 |  83.3 |       6 |       6 |  50.0
            +---------+---------+-------+---------+---------+-------
